 Dungeon Crawl Stone Soup version 0.17-a0-2208-ge5ab1d3 (webtiles) character file.

114 Goblin1989 the Insei (level 4, -1/23 HPs)
             Began as a Vine Stalker Monk on Oct 27, 2015.
             Slain by Duffy's ghost (3 damage)
             ... on level 4 of the Dungeon.
             The game lasted 00:09:39 (1409 turns).

Goblin1989 the Insei (Vine Stalker Monk)            Turns: 1409, Time: 00:09:39

Health: -1/23      AC:  8    Str: 14    XL:     4   Next: 98%
Magic:  0/5        EV:  4    Int: 10    God:
Gold:   111        SH:  8    Dex: 17    Spells: 0 memorised, 3 levels left

rFire  . . .     SeeInvis .       - Unarmed
rCold  . . .     Clarity  .     f - +0 chain mail
rNeg   . . .     SustAt   .     j - +0 shield
rPois  .         Gourm    .     (no helmet)
rElec  .         Spirit   +     (no cloak)
rCorr  .         Warding  .     (no gloves)
rMut   .         Stasis   .     (no boots)
MR     .....                    (no amulet)
Stlth  ..........               (no ring)
                                (no ring)

@: not resistant to hostile enchantments, extremely unstealthy
A: fangs 2, regeneration 1, magic shield, antimagic bite, no device heal 3, rot
immunity
a: no special abilities


You were on level 4 of the Dungeon.
You were hungry.

You visited 1 branch of the dungeon, and saw 3 of its levels.

You collected 111 gold pieces.

Inventory:

Hand Weapons
 d - a +2 whip of venom
Armour
 f - a +0 chain mail (worn)
 j - a +0 shield (worn)
Scrolls
 a - a scroll of remove curse {unknown}
 e - a scroll of immolation {unknown}
 g - 4 scrolls of magic mapping {unknown}
 h - a scroll of fog {unknown}
 i - 4 scrolls of identify {unknown}
 l - a scroll of recharging {unknown}
Potions
 c - a potion of agility {unknown}
 k - a potion of magic {unknown}
Comestibles
 b - 3 bread rations


   Skills:
 + Level 2.9 Fighting
 * Level 3.0 Maces & Flails
 + Level 0.8 Armour
 - Level 2.4 Dodging
 - Level 2.4 Stealth
 + Level 1.2 Shields
 - Level 4.1 Unarmed Combat


You had 3 spell levels left.
You didn't know any spells.

Dungeon Overview and Level Annotations

Branches:
Dungeon (4/15)
 Temple: D:4-7

Altars:
Dithmenos
Nemelex Xobeh
Trog
Yredelemnul

Annotations:
D:4 Duffy's ghost, novice VSGl


Innate Abilities, Weirdness & Mutations

You have extremely sharp teeth.
Your natural rate of healing is unusually fast.
When hurt, damage is shared between your health and your magic reserves.
Your bite disrupts and absorbs the magic of your enemies.
Potions and wands cannot restore your health.
You are immune to rotting.


Message History

You hit Duffy's ghost but do no damage.
Duffy's ghost is lightly damaged.
Duffy's ghost hits you!
* * * LOW HITPOINT WARNING * * *
You are too injured to fight recklessly!
You are too injured to fight recklessly!
You are too injured to fight recklessly!
You are too injured to fight recklessly!
You are too injured to fight recklessly!
You are too injured to fight recklessly!
You are too injured to fight recklessly!
You are too injured to fight recklessly!
You are too injured to fight recklessly!
You are too injured to fight recklessly!
You are too injured to fight recklessly!
You are too injured to fight recklessly!
You are too injured to fight recklessly!
You are too injured to fight recklessly!
Duffy's ghost hits you.
You die...

#...............#
#####+####.).####
#............#
#.......)....###########
#............(.)....)..#
#............#########.#
#..[..........##....#
#[............##.##.#
#............@WO....#
#..........##.#.#.###
#.............#.._..#
#######+#######.#.#.#
.....#.# ###...# . ###.#
## #.# #.#


You could see an ogre and Duffy's ghost.

Vanquished Creatures
  A hound (D:4)
  An adder (D:2)
  5 worms
  3 giant geckos
  3 orcs (D:4)
  3 giant cockroaches
  8 hobgoblins
  4 jackals (D:2)
  5 kobolds
  A ball python (D:2)
  6 bats
  2 giant newts
  6 goblins
  A quokka skeleton (D:4)
  5 rats
54 creatures vanquished.

Notes
Turn   | Place    | Note
--------------------------------------------------------------
     0 | D:1      | Goblin1989 the Vine Stalker Monk began the quest for the Orb.
     0 | D:1      | Reached XP level 1. HP: 11/11 MP: 2/2
   117 | D:1      | Reached skill level 1 in Maces & Flails
   131 | D:1      | Reached XP level 2. HP: 14/16 MP: 3/3
   531 | D:1      | Reached XP level 3. HP: 19/19 MP: 4/4
   908 | D:2      | Reached XP level 4. HP: 23/23 MP: 5/5
   953 | D:2      | Reached skill level 1 in Shields
  1091 | D:2      | Found a bloodstained altar of Trog.
  1166 | D:2      | You fall through a shaft for 2 floors!
  1307 | D:4      | Found a sparkling altar of Nemelex Xobeh.
  1322 | D:4      | Found a basalt altar of Yredelemnul.
  1393 | D:4      | Found a shadowy altar of Dithmenos.
  1397 | D:4      | Noticed Duffy's ghost (novice VSGl)
  1401 | D:4      | Noticed an ogre
  1404 | D:4      | HP: 1/23 [Duffy's ghost (7)]
  1409 | D:4      | Slain by Duffy's ghost

Vault maps used:
D:1:      lightli_arrival_chessboard, serial_park_tiny_1, hangedman_decor_lopped
D:2:      lemuel_coloured_pillars_altar, first_bread, nrook_mini_backslash
D:4:      nemelex_deck, kennysheep_mini, lemuel_crystal_altar,
          portal_sewer_entry_c, serial_shops, kennysheep_little_box

Action                   |  1- 3 |  4- 6 || total
-------------------------+-------+-------++-------
Melee: Unarmed           |   133 |    58 ||   191
 Stab: Sleeping          |     1 |       ||     1
  Eat: Chunk             |       |     1 ||     1
